 Dungeon Crawl Stone Soup version 0.23.2-40-g277498a001 (webtiles) character file.

Game seed: 9349682344003477806

1907951 HydroHomie the Merfolkian Porcupine (level 27, 249/249 HPs)
             Began as a Merfolk Abyssal Knight on Sept 26, 2019.
             Was the Champion of Lugonu.
             Escaped with the Orb
             ... and 4 runes on Sept 27, 2019!
             The game lasted 03:33:33 (105019 turns).

HydroHomie the Merfolkian Porcupine (MfAK)        Turns: 105019, Time: 03:33:34

Health: 249/249    AC: 36    Str: 25    XL:     27
Magic:  38/38      EV: 30    Int: 11    God:    Lugonu [******]
Gold:   1188       SH:  0    Dex: 18    Spells: 26/26 levels left

rFire    + + .     SeeInvis .   z - +9 bardiche (distort)
rCold    + + .     Gourm    .   (shield currently unavailable)
rNeg     + + .     Faith    .   g - +4 storm dragon scales of Purpose {*Drain rElec rC++ MR++}
rPois    +         Spirit   +   E - +2 hat of the Bear Spirit {Spirit, +Rage rN+ MR++}
rElec    +         Reflect  .   k - +2 cloak
rCorr    .         Harm     .   q - +2 pair of gloves
MR       +++++     Clarity  +   D - +2 pair of boots {run}
Stlth    ..........             I - amulet of Descent {+Rage rPois rF+ Str+2}
HPRegen  0.51/turn              A - ring of Aqati {rF+ rN+ Dex+4}
MPRegen  0.26/turn              N - ring of Jaysopel {EV+3 Slay+2}

@: quick
A: change form in water, swift swim, stealthy swim, thin skeletal structure 1,
clarity, [clumsy 2], mutation resistance 1, [screaming 1], [subdued magic 2]
0: Orb of Zot
}: 4/15 runes: decaying, serpentine, silver, abyssal
a: Depart the Abyss, Bend Space, Banish, Corrupt, Enter the Abyss, Renounce
Religion, Evoke Berserk Rage


You escaped.
You worshipped Lugonu.
Lugonu was exalted by your worship.
You were not hungry.

You visited 9 branches of the dungeon, and saw 49 of its levels.
You visited the Abyss 5 times.
You visited 1 bazaar.
You also visited: Sewer, Ice Cave and Volcano.

You collected 7780 gold pieces.
You spent 6592 gold pieces at shops.

Inventory:

Hand Weapons
 z - a +9 bardiche of distortion (weapon)
Missiles
 L - 5 throwing nets (quivered)
Armour
 g - the +4 storm dragon scales of Purpose (worn) {*Drain rElec rC++ MR++}
   (You bought it in a shop on level 2 of the Orcish Mines)

   It greatly protects you from cold.
   It insulates you from electricity.
   It affects your resistance to hostile enchantments.
   It causes draining when unequipped.
 k - a +2 cloak (worn)
 q - a +2 pair of gloves (worn)
 D - a +2 pair of boots of running (worn)
 E - the +2 hat of the Bear Spirit (worn) {Spirit, +Rage rN+ MR++}
   (You bought it in a shop on level 3 of the Vaults)

   It protects you from negative energy.
   It affects your resistance to hostile enchantments.
   It lets you go berserk.
Jewellery
 l - an uncursed ring of see invisible
 r - a +4 ring of slaying
 A - the ring of Aqati (left hand) {rF+ rN+ Dex+4}
   (You bought it in a shop on level 2 of the Orcish Mines)

   [ring of protection from fire]

   It affects your dexterity (+4).
   It protects you from fire.
   It protects you from negative energy.
 G - an uncursed amulet of regeneration
 I - the amulet of Descent (around neck) {+Rage rPois rF+ Str+2}
   (You bought it in a shop in a bazaar)

   [amulet of rage]

   It affects your strength (+2).
   It protects you from fire.
   It protects you from poison.
   It lets you go berserk.
 N - the ring of Jaysopel (right hand) {EV+3 Slay+2}
   (You bought it in a shop on level 3 of the Vaults)

   [ring of evasion]

   It affects your evasion (+3).
   It affects your accuracy and damage with ranged weapons and melee attacks
   (+2).
Wands
 b - a wand of acid (14)
 o - a wand of iceblast (33)
 C - a wand of digging (10)
 H - a wand of scattershot (5)
 M - a wand of clouds (4)
Scrolls
 d - 11 scrolls of teleportation
 e - 10 scrolls of blinking
 h - 25 scrolls of remove curse
 i - 9 scrolls of fog
 m - 7 scrolls of fear
 n - 7 scrolls of enchant armour
 v - 3 scrolls of magic mapping
 w - 3 scrolls of enchant weapon
 y - 7 scrolls of immolation
 S - 2 scrolls of vulnerability
 T - 3 scrolls of silence
 U - 21 scrolls of identify
 V - 2 scrolls of holy word
 Z - a scroll of summoning
Potions
 a - 7 potions of resistance
 j - 21 potions of curing
 p - 2 potions of mutation
 s - 3 potions of ambrosia
 u - 7 potions of heal wounds
 x - 8 potions of flight
 B - 4 potions of might
 F - 8 potions of magic
 K - 12 potions of agility
 P - 2 potions of cancellation
 Q - 5 potions of haste
 R - 9 potions of berserk rage
 W - 7 potions of invisibility
Miscellaneous
 f - a phial of floods
 t - a lightning rod (4/4)
 X - 2 phantom mirrors
Comestibles
 c - 36 rations


   Skills:
 O Level 27 Fighting
 O Level 27 Polearms
 + Level 19.1 Armour
 O Level 27 Dodging
   Level 4.0 Shields
 - Level 22.0 Invocations
 - Level 8.0 Evocations


You had 26 spell levels left.
You didn't know any spells.
Your spell library contained the following spells:

 Spells                   Type           Power        Failure   Level  Hunger
 Animate Skeleton         Necr           N/A          67%         1    ##.....
 Apportation              Tloc           #.....       67%         1    ##.....
 Beastly Appendage        Tmut           #.....       67%         1    ##.....
 Confusing Touch          Hex            #.....       67%         1    ##.....
 Flame Tongue             Conj/Fire      #....        67%         1    ##.....
 Magic Dart               Conj           #...         67%         1    ##.....
 Pain                     Necr           #...         67%         1    ##.....
 Sandblast                Erth           #.....       67%         1    ##.....
 Shock                    Conj/Air       #...         67%         1    ##.....
 Summon Butterflies       Summ           #.......     67%         1    ##.....
 Summon Small Mammal      Summ           #...         67%         1    ##.....
 Blink                    Tloc           N/A          82%         2    ###....
 Call Imp                 Summ           #.......     82%         2    ###....
 Corpse Rot               Necr           N/A          82%         2    ###....
 Passwall                 Tmut/Erth      #.......     82%         2    ###....
 Poisonous Vapours        Pois/Air       #.....       82%         2    ###....
 Searing Ray              Conj           #.....       82%         2    ###....
 Slow                     Hex            #.......     82%         2    ###....
 Sticks to Snakes         Tmut           #.......     82%         2    ###....
 Swiftness                Chrm/Air       #.......     82%         2    ###....
 Throw Flame              Conj/Fire      #.....       82%         2    ###....
 Call Canine Familiar     Summ           #.......     96%         3    ####...
 Confuse                  Hex            #.......     96%         3    ####...
 Conjure Flame            Conj/Fire      #.......     96%         3    ####...
 Dazzling Spray           Conj/Hex       #.....       96%         3    ####...
 Gell's Gravitas          Tloc           #.........   96%         3    ####...
 Inner Flame              Hex/Fire       #.......     96%         3    ####...
 Mephitic Cloud           Conj/Pois/Air  #.......     96%         3    ####...
 Recall                   Summ/Tloc      N/A          96%         3    ####...
 Regeneration             Chrm/Necr      #.........   96%         3    ####...
 Spider Form              Tmut/Pois      #.........   96%         3    ####...
 Static Discharge         Conj/Air       #.......     96%         3    ####...
 Stone Arrow              Conj/Erth      #.....       96%         3    ####...
 Vampiric Draining        Necr           #.........   96%         3    ####...
 Airstrike                Air            #.........   100%        4    #####..
 Animate Dead             Necr           N/A          100%        4    #####..
 Force Lance              Conj/Tloc      #.......     100%        4    #####..
 Fulminant Prism          Conj/Hex       #.........   100%        4    #####..
 Ice Form                 Ice/Tmut       #.......     100%        4    #####..
 Iskenderun's Mystic Bla  Conj           #.......     100%        4    #####..
 Leda's Liquefaction      Hex/Erth       #.........   100%        4    #####..
 Petrify                  Tmut/Erth      #.......     100%        4    #####..
 Sticky Flame             Conj/Fire      #.......     100%        4    #####..
 Summon Ice Beast         Ice/Summ       #.......     100%        4    #####..
 Aura of Abjuration       Summ           #.........   100%        5    ######.
 Blade Hands              Tmut           #.........   100%        5    ######.
 Bolt of Magma            Conj/Fire/Erth #.........   100%        5    ######.
 Borgnjor's Vile Clutch   Necr/Erth      #.........   100%        5    ######.
 Fireball                 Conj/Fire      #.........   100%        5    ######.
 Irradiate                Conj/Tmut      #.........   100%        5    ######.
 Iskenderun's Battlesphe  Conj/Chrm      #.......     100%        5    ######.
 Lee's Rapid Deconstruct  Erth           #.........   100%        5    ######.
 Lightning Bolt           Conj/Air       #.........   100%        5    ######.
 Metabolic Englaciation   Hex/Ice        #.........   100%        5    ######.
 Summon Demon             Summ           #.........   100%        5    ######.
 Summon Forest            Summ/Tloc      #.........   100%        5    ######.
 Summon Mana Viper        Hex/Summ       #.......     100%        5    ######.
 Venom Bolt               Conj/Pois      #.........   100%        5    ######.
 Yara's Violent Unravell  Hex/Tmut       #.........   100%        5    ######.
 Bolt of Fire             Conj/Fire      #.........   100%        6    #######
 Death Channel            Necr           #.........   100%        6    #######
 Freezing Cloud           Conj/Ice/Air   #.........   100%        6    #######
 Hydra Form               Tmut           #.........   100%        6    #######
 Iron Shot                Conj/Erth      #.........   100%        6    #######
 Ozocubu's Refrigeration  Ice            #.........   100%        6    #######
 Shadow Creatures         Summ           N/A          100%        6    #######
 Simulacrum               Ice/Necr       #.........   100%        6    #######
 Statue Form              Tmut/Erth      #........    100%        6    #######
 Dragon Form              Tmut           #.........   100%        7    #######
 Orb of Destruction       Conj           #.........   100%        7    #######
 Ring of Flames           Chrm/Fire      #.........   100%        7    #######
 Spellforged Servitor     Conj/Summ      #.........   100%        7    #######
 Summon Hydra             Summ           #.........   100%        7    #######
 Shatter                  Erth           #.........   100%        9    #######


Dungeon Overview and Level Annotations

Branches:
Dungeon (15/15)            Temple (0/1) D:4            Lair (6/6) D:8
  Swamp (4/4) Lair:2        Snake (4/4) Lair:2        Slime (0/5) Lair:6
    Orc (2/2) D:12            Elf (3/3) Orc:2        Vaults (5/5) D:13
  Crypt (0/3) Vaults:2     Depths (5/5) D:15            Zot (5/5) Depths:5

Altars:
Ashenzari
Cheibriados
Elyvilon
Hepliaklqana
Kikubaaqudgha
Makhleb
Nemelex Xobeh
Qazlal
Ru
Trog
Uskayaw
Vehumet
Wu Jian
Xom
Yredelemnul
Zin
The Shining One
Beogh

Shops:
Orc:1 [   Orc:2 =([}(   Elf:2 [([   Snake:2 :   Snake:3 }}=   Vaults:3 **[=
Depths:3 %   Depths:4 [

Portals:
Hell: Depths:1 Depths:2 Depths:3 Depths:4 Depths:5
Abyss: Depths:1 Depths:4
Pandemonium: Depths:3
Ziggurat: Depths:2

Annotations:
Lair:2 3 runed translucent doors, manyhoops's ghost, journeyman GnVM; raetorn's ghost, journeyman GrFi
Lair:4 Rupert
Lair:6 exclusion: oklob plant
Orc:1 3 runed translucent doors, Jabberih's ghost, journeyman VSFi
Elf:1 exclusion: ice statue
Depths:5 1 runed translucent door, exclusion: door
Zot:5 corrupted
Abyss:1 Harold; the Enchantress


Innate Abilities, Weirdness & Mutations

You revert to your normal form in water You are very nimble and swift while swimming.
You are very stealthy in the water. (Stealth+)
You have a somewhat thin skeletal structure. (Dex +2, Stealth)
You possess an exceptional clarity of mind.
You are somewhat resistant to further mutation.
[You are very clumsy. (Dex -4)]
[You occasionally shout uncontrollably at your foes.]
[Your spells are easier to cast, but less powerful.]


Message History

You feel the corruption within you wane somewhat.
Your urge to yell lessens.
No target in view!
No target in view!
No target in view!
You start resting.
Magic restored.
Evoke which item? (* to show all) (? for menu, Esc to quit)
You open the lid... ...and a juvenile oxweird beast leaps out!
Evoke which item? (* to show all) (? for menu, Esc to quit)
You open the lid... ...and a juvenile oxbat beast flies out!
Evoke which item? (* to show all) (? for menu, Esc to quit)
You open the lid... ...and a juvenile fireweird beast leaps out!
The now-empty box falls apart.
Evoke which item? (* to show all) (? for menu, Esc to quit)
Okay, then.
You have escaped!

.######...........#####......# .#
#...........# ###.####
.######...##...#### #)#
......#........# #.#######
#####.#........######## #........
............##.##.....###.#######
.####...#...##†###.##...### #####
.####...#...##.##..####..## #....
............##.#@H## ##..# #....
.#####..##.###.#HH# ##.###....
...####.##.# #.#..## #..##....
...........# #.##..## #..##....
††.#####.### #.##...#####..##....
...#...#..# #.###.....#...##....
.......##.# #.# ##.........#####
.......##.## #.#####.......##
.......##..# #.##.......#...#


You could see 3 friendly mutant beasts.

Vanquished Creatures
  5 orbs of fire
  A juggernaut (Depths:2)
  5 ancient liches
  Frederick (Depths:4)
  A Killer Klown (Zot:2)
  4 curse toes
  2 caustic shrikes
  10 golden dragons
  A golden dragon (shapeshifter) (Vaults:5)
  Jory (Vaults:3)
  2 bone dragons (Abyss:1)
  15 tentacled monstrosities
  4 electric golems
  Jorgrun (Orc:2)
  21 Orb Guardians (Zot:5)
  2 deep elf blademasters (Elf:3)
  2 liches
  3 titans
  Asterion (Depths:3)
  7 quicksilver dragons
  4 Executioners
  A deep elf master archer (Elf:3)
  8 sphinxes
  13 death cobs
  5 tengu reavers
  Kirke (Swamp:2)
  Gastronok (D:11)
  A thorn hunter (Swamp:4)
  Frances (Elf:1)
  13 shadow dragons
  Roxanne (Swamp:2)
  5 nagarajas (Snake:4)
  5 tentacled starspawn
  8 storm dragons
  4 draconian monks
  9 fire giants
  Aizul (Depths:2)
  5 iron dragons
  2 draconian knights (Zot:1)
  19 vault wardens
  12 frost giants
  7 draconian scorchers
  3 deep elf elementalists (Elf:3)
  4 ghost moths
  Louise (Snake:4)
  9 deep elf sorcerers
  8 draconian shifters
  2 balrugs
  3 draconian stormcallers
  4 spriggan defenders
  2 war gargoyles (Vaults:5)
  18 ironheart preservers
  28 very ugly things
  7 draconian annihilators
  10 green draconians
  2 vampire knights (Depths:2)
  6 entropy weavers
  A black sun (D:3)
  31 stone giants
  A corrupter (D:3)
  A stone giant (shapeshifter) (Vaults:5)
  A lorocyproca (Zot:2)
  9 deep elf demonologists
  12 red draconians
  10 black draconians
  14 deep elf annihilators
  13 white draconians
  15 yellow draconians
  A dire elephant (shapeshifter) (Depths:2)
  6 purple draconians
  An eidolon (Abyss:4)
  10 ettins
  6 deep elf death magi
  2 green deaths (Swamp:4)
  10 fire dragons
  6 deep elf high priests (Elf:3)
  A fire dragon (shapeshifter) (Depths:2)
  20 ogre magi
  5 great orbs of eyes
  11 naga warriors
  5 rakshasas
  14 yaktaur captains
  A hydra (shapeshifter) (Vaults:3)
  3 hydras
  A hell beast (D:12)
  2 ghost crabs
  10 ice dragons
  14 anacondas
  4 shambling mangroves
  A monstrous demonspawn (D:3)
  38 vault guards
  4 death knights
  7 spriggan air magi
  Erica (D:8)
  10 alligators
  A two-headed ogre (shapeshifter) (Depths:1)
  15 centaur warriors
  44 two-headed ogres
  4 deep troll shamans
  7 tengu warriors
  28 dancing weapons
  A catoblepas (Depths:3)
  11 deep troll earth magi
  5 death yaks
  A vampire mage (Depths:2)
  4 orc high priests (Orc:2)
  7 shock serpents
  9 thrashing horrors
  Sonja (D:11)
  Urug (Lair:3)
  4 sun demons
  A spriggan berserker (Depths:2)
  14 naga sharpshooters
  A shock serpent (shapeshifter) (Vaults:4)
  25 deep elf knights
  6 wretched stars
  6 hell knights
  2 sixfirhies
  8 unseen horrors
  4 spatial maelstroms
  A death drake (Abyss:2)
  7 salamander mystics
  A death drake (shapeshifter) (Vaults:4)
  9 naga ritualists
  A golden dragon zombie (Depths:4)
  3 shadow wraiths
  2 flayed ghosts
  9 deep elf archers
  3 spriggan druids
  8 swamp dragons
  24 deep trolls
  4 sea snakes (Snake:3)
  7 orc knights
  2 glowing orange brains
  13 ironbrand convokers
  8 phantasmal warriors
  A mana viper (shapeshifter) (Depths:4)
  A lindwurm (shapeshifter) (Vaults:2)
  7 necromancers
  6 orc sorcerers
  5 wizards
  2 wolf spider zombies
  8 lindwurms
  20 mana vipers
  65 deep elf magi
  5 wolf spiders
  60 ugly things
  3 manticores
  A wolf spider (shapeshifter) (Vaults:5)
  A faun (shapeshifter) (Depths:2)
  3 worldbinders
  26 moths of wrath
  5 cyclopes
  11 elephants
  2 black mambas (shapeshifter)
  7 salamanders
  7 smoke demons
  An apocalypse crab (Abyss:1)
  12 vault sentinels
  37 black mambas
  7 guardian serpents
  3 ice statues (IceCv)
  12 naga magi
  2 rust devils
  4 torpor snails (Lair:6)
  Psyche (D:11)
  An orange demon (Swamp:4)
  A spiny frog (shapeshifter) (Vaults:3)
  7 rime drakes
  9 komodo dragons
  A storm dragon simulacrum (Vaults:2)
  A gargoyle (D:13)
  29 spiny frogs
  A yaktaur (shapeshifter) (Vaults:5)
  2 kobold demonologists (Abyss:2)
  6 freezing wraiths
  61 yaktaurs
  8 tengu conjurers
  A hellwing (D:1)
  A spark wasp simulacrum (Depths:4)
  7 ancient zymes
  A golden dragon simulacrum (Abyss:3)
  8 ice devils
  A jumping spider (Vaults:1)
  A queen bee (Lair:1)
  3 trolls (shapeshifter)
  2 meliai (shapeshifter)
  A red devil (D:4)
  A jumping spider (shapeshifter) (Vaults:4)
  A queen bee (shapeshifter) (Depths:1)
  6 trolls
  Prince Ribbit (D:6)
  28 hornets
  A slime creature (shapeshifter) (Depths:3)
  15 tyrant leeches
  24 raiju
  14 bog bodies
  6 hippogriffs
  40 slime creatures
  19 large abominations
  A hippogriff (shapeshifter) (Vaults:5)
  A human simulacrum (Vaults:3)
  4 blink frogs
  6 shadows
  9 redbacks
  5 air elementals
  A spriggan (shapeshifter) (Vaults:1)
  16 spriggans
  22 starcursed masses
  3 wraiths
  A ynoxinul (Abyss:2)
  A fire elemental (Elf:3)
  A wyvern (D:12)
  A flying skull (Abyss:4)
  A basilisk (D:15)
  2 water elementals
  A human (shapeshifter) (Vaults:4)
  30 yaks
  3 hogs (Swamp:2)
  Grum (D:9)
  2 neqoxecs (Abyss:2)
  4 golden eyes (Abyss:2)
  5 chaos spawn
  Menkaure (D:4)
  A yaktaur simulacrum (Vaults:2)
  15 vampire mosquitoes
  8 wargs (Orc:2)
  Edmund (D:5)
  3 spatial vortices
  An acid dragon (shapeshifter) (Vaults:5)
  18 swamp worms
  A human zombie (Depths:4)
  A soldier ant (D:10)
  18 insubstantial wisps
  33 nagas
  6 acid dragons
  13 water moccasins
  A floating eye (Depths:2)
  12 porcupines
  8 hell hounds
  8 swamp drakes
  6 ice beasts
  An ogre skeleton (Vaults:1)
  An orc zombie (Vaults:1)
  3 sky beasts
  An ettin simulacrum (Vaults:3)
  27 orc warriors
  An eye of draining (shapeshifter) (Elf:3)
  A phantom (D:11)
  2 black bears
  13 wolves
  47 ogres
  6 boggarts
  An orc skeleton (Vaults:1)
  A necrophage (D:6)
  22 small abominations
  32 centaurs
  13 crocodiles
  Blork the orc (D:5)
  A big kobold (shapeshifter) (Vaults:3)
  11 big kobolds
  12 bullfrogs
  2 wyvern zombies
  4 earth elementals (Elf:1)
  A gnoll sergeant (D:9)
  2 wyvern skeletons (D:14)
  8 scorpions
  41 killer bees
  9 wights
  3 howler monkeys
  2 electric eels
  6 crimson imps
  A draconian simulacrum (IceCv)
  A bullfrog zombie (D:5)
  5 jellies
  3 quasits
  3 centaur zombies
  6 centaur skeletons
  A gnoll shaman (D:6)
  38 orc priests
  36 orc wizards
  5 hounds
  7 iguanas
  Ijyb (D:2)
  6 hell rats (Lair:3)
  A troll simulacrum (IceCv)
  5 worker ants
  3 centaur simulacra
  2 hound skeletons
  A hound zombie (D:9)
  A howler monkey zombie (D:10)
  3 worker ant zombies
  12 gnolls
  2 ogre simulacra (IceCv)
  2 river rats (Sewer)
  8 adders
  4 naga simulacra (IceCv)
  2 shadow imps
  2 ufetubi (Abyss:2)
  5 oozes (Sewer)
  An adder skeleton (D:6)
  7 worms
  2 dart slugs (D:1)
  5 leopard geckos
  134 orcs
  7 ball pythons
  8 giant cockroaches
  5 goblins
  6 hobgoblins
  3 jackals
  31 kobolds
  3 quokkas
  6 bats
  5 frilled lizards
  3 jackal skeletons
  A leopard gecko skeleton (D:4)
  2 quokka skeletons
  10 rats
  A lurking horror (Abyss:2)
  3 starspawn tentacles
2530 creatures vanquished.

Vanquished Creatures (others)
  An ancient lich (Zot:5)
  2 Killer Klowns (Zot:5)
  2 golden dragons
  6 caustic shrikes
  A profane servitor (Abyss:4)
  A tentacled monstrosity (Zot:5)
  An electric golem (Zot:5)
  3 Orb Guardians (Zot:5)
  A titan (Vaults:5)
  A quicksilver dragon (Zot:5)
  2 shadow dragons
  2 draconian knights
  A draconian scorcher (Zot:3)
  A vault warden (Vaults:5)
  A ghost moth (Zot:5)
  A spriggan defender (Depths:5)
  A draconian annihilator (Zot:5)
  A very ugly thing (Vaults:5)
  A black draconian (Zot:5)
  A green draconian (Zot:5)
  2 yellow draconians (Zot:5)
  A deep elf annihilator (Elf:3)
  A purple draconian (Zot:5)
  A white draconian (Zot:5)
  A fire dragon (Depths:3)
  A rakshasa (Vaults:3)
  8 hydras
  A death yak (Lair:6)
  An ogre mage (Vaults:5)
  An orc high priest (Orc:2)
  2 unseen horrors (Depths:1)
  An orc knight (Vaults:5)
  A necromancer (IceCv)
  An orc sorcerer (Orc:1)
  2 moths of wrath (Zot:5)
  A vault sentinel (Vaults:5)
  A torpor snail (Lair:6)
  A komodo dragon (shapeshifter) (Vaults:5)
  A yaktaur (Vaults:5)
  A hornet (Lair:6)
  2 vampire mosquitoes (Swamp:3)
  A water moccasin (Lair:6)
  2 ogres
  2 swamp drakes (Swamp:2)
  A centaur (Volcano)
  4 jackals (D:10)
  6 briar patches (Swamp:4)
  5 bushes
  2 demonic plants (Abyss:4)
  26 fungi
  2 lurking horrors (Abyss:4)
  123 plants
  28 starspawn tentacles
  4 withered plants (Lair:2)
269 creatures vanquished.

Grand Total: 2799 creatures vanquished

Notes
Turn   | Place    | Note
-------+----------+-------------------------------------------
     0 | Abyss:1  | HydroHomie the Merfolk Abyssal Knight began the quest for
                  | the Orb.
     0 | Abyss:1  | Reached XP level 1. HP: 18/18 MP: 2/2
    18 | D:1      | Escaped the Abyss
   148 | D:1      | Reached XP level 2. HP: 22/24 MP: 3/3
   589 | D:2      | Reached XP level 3. HP: 27/29 MP: 4/4
   599 | D:2      | Found a sparkling altar of Nemelex Xobeh.
  1730 | D:3      | Noticed Ijyb
  1736 | D:3      | Paralysed by Ijyb for 3 turns
  1754 | D:2      | Paralysed by Ijyb for 5 turns
  1807 | D:2      | Killed Ijyb
  1807 | D:2      | Reached XP level 4. HP: 18/37 MP: 4/6
  1997 | D:2      | Reached ** piety under Lugonu
  2453 | D:2      | Reached skill level 5 in Polearms
  2453 | D:2      | Reached XP level 5. HP: 35/42 MP: 7/7
  2898 | D:2      | Reached XP level 6. HP: 38/48 MP: 8/8
  3842 | D:3      | Found a glowing silver altar of Zin.
  4007 | D:3      | Found a radiant altar of Vehumet.
  4333 | D:4      | Noticed Menkaure
  4345 | D:4      | Killed Menkaure
  4345 | D:4      | Reached XP level 7. HP: 23/55 MP: 8/10
  4684 | D:4      | Reached skill level 5 in Dodging
  5046 | D:4      | Found a staircase to the Ecumenical Temple.
  5289 | D:5      | Entered Level 5 of the Dungeon
  5302 | D:5      | Got an ancient short sword
  5303 | D:5      | Identified the +5 short sword of the Pits of Slime {holy,
                  | Int+3 Dex+3} (You found it on level 5 of the Dungeon)
  5309 | D:5      | Found a hide-covered altar of Uskayaw.
  5359 | D:5      | Noticed Edmund
  5391 | D:5      | Killed Edmund
  5391 | D:5      | Reached skill level 5 in Fighting
  5489 | D:5      | Found a glowing drain.
  5509 | Sewer    | Entered a sewer
  5545 | Sewer    | Reached XP level 8. HP: 62/62 MP: 11/11
  5606 | Sewer    | Reached *** piety under Lugonu
  5909 | Sewer    | Reached skill level 5 in Invocations
  6101 | D:5      | Noticed Blork the orc
  6113 | D:5      | Killed Blork the orc
  6321 | D:5      | Got an ancient lapis lazuli ring
  6323 | D:5      | Identified the ring of Vinovve {+Inv rF- AC+1 Dex+2} (You
                  | found it on level 5 of the Dungeon)
  6702 | D:4      | Reached skill level 10 in Polearms
  6946 | D:6      | Got a bloodstained ring mail
  6947 | D:6      | Identified the +3 ring mail "Lonicvos" {rElec} (You found
                  | it on level 6 of the Dungeon)
  7095 | D:6      | Reached XP level 9. HP: 62/69 MP: 13/13
  7126 | D:6      | Found a shimmering altar of Xom.
  7218 | D:6      | Reached **** piety under Lugonu
  7246 | D:6      | Noticed Prince Ribbit
  7257 | D:6      | Killed Prince Ribbit
  7539 | D:6      | Found a hazy altar of Hepliaklqana.
  7540 | D:6      | Found a bloodstained altar of Trog.
  7644 | D:7      | Found a burning altar of Makhleb.
  7647 | D:7      | Noticed Harold
  8414 | D:7      | Banished Harold
  8414 | D:7      | Reached XP level 10. HP: 71/79 MP: 15/15
  8549 | D:7      | Found a hide-covered altar of Uskayaw.
  8555 | D:7      | Found a snail-covered altar of Cheibriados.
  8631 | D:7      | Found a sacrificial altar of Ru.
  8698 | D:7      | Found a shattered altar of Ashenzari.
  8702 | D:7      | Saw a vision of the Swamp and the Snake Pit.
  8702 | D:7      | Noticed a naga sharpshooter
  8702 | D:7      | Noticed a black mamba
  8702 | D:7      | Noticed an alligator
  8702 | D:7      | Noticed an alligator
  8702 | D:7      | Noticed an alligator
  8702 | D:7      | Noticed an alligator
  8702 | D:7      | Noticed an alligator
  8702 | D:7      | Noticed a black mamba
  8702 | D:7      | Noticed an alligator
  8702 | D:7      | Noticed an alligator
  8998 | D:8      | Noticed Erica
  9013 | D:8      | Killed Erica
  9122 | D:8      | Found a glowing golden altar of the Shining One.
  9332 | D:8      | Found a white marble altar of Elyvilon.
  9809 | D:8      | Found a staircase to the Lair.
 10004 | D:8      | You fall through a shaft!
 10322 | D:9      | Reached skill level 1 in Shields
 10756 | D:9      | Reached XP level 11. HP: 82/87 MP: 17/17
 10789 | D:9      | Noticed Grum
 10808 | D:9      | Reached ***** piety under Lugonu
 10812 | D:9      | Killed Grum
 10812 | D:9      | Reached skill level 10 in Dodging
 11295 | D:9      | Found an ancient bone altar of Kikubaaqudgha.
 11442 | D:10     | Entered Level 10 of the Dungeon
 11495 | D:10     | Found a shimmering altar of Xom.
 11495 | D:10     | Found a shimmering altar of Xom.
 12263 | D:10     | Noticed a deep elf mage
 12269 | D:10     | Killed a deep elf mage
 12410 | D:10     | Noticed a centaur warrior
 12432 | D:10     | Killed a centaur warrior
 12576 | D:10     | Found a shimmering altar of Xom.
 12577 | D:10     | Found a shimmering altar of Xom.
 12583 | D:10     | Found a shimmering altar of Xom.
 13438 | D:11     | Reached skill level 10 in Fighting
 13495 | D:11     | Noticed Psyche
 13507 | D:11     | Killed Psyche
 13524 | D:11     | Noticed Sonja
 13530 | D:11     | Killed Sonja
 13564 | D:11     | Noticed Gastronok
 13599 | D:11     | Killed Gastronok
 13599 | D:11     | Reached skill level 10 in Invocations
 13599 | D:11     | Reached XP level 12. HP: 32/99 MP: 19/19
 14097 | D:11     | Found a stormy altar of Qazlal.
 14477 | Lair:1   | Entered Level 1 of the Lair of Beasts
 14672 | D:8      | Reached skill level 1 in Armour
 15625 | Lair:1   | Reached ****** piety under Lugonu
 16572 | Lair:2   | Found a staircase to the Swamp.
 16856 | Lair:2   | Found a runed translucent gate.
 16856 | Lair:2   | Found a runed translucent gate.
 16856 | Lair:2   | Found a runed translucent gate.
 16856 | Lair:2   | Noticed manyhoops's ghost (journeyman GnVM)
 16857 | Lair:2   | Noticed raetorn's ghost (journeyman GrFi)
 16920 | Lair:2   | Found a staircase to the Snake Pit.
 17266 | Lair:2   | Found a transporter.
 17850 | Lair:3   | Reached XP level 13. HP: 55/106 MP: 21/21
 18375 | Lair:3   | Reached skill level 15 in Polearms
 18627 | Lair:3   | Noticed Urug
 18637 | Lair:3   | Killed Urug
 19028 | Lair:2   | Found a transporter.
 19207 | Lair:2   | Identified a +2 pair of boots of running (You found it on
                  | level 2 of the Lair of Beasts)
 19507 | Lair:4   | Got a steaming turquoise ring
 19509 | Lair:4   | Identified the ring of Ulomeng {Fire Int+4 Slay+2 Stlth+}
                  | (You found it on level 4 of the Lair of Beasts)
 19535 | Lair:4   | Noticed Rupert
 21196 | Lair:6   | Entered Level 6 of the Lair of Beasts
 21620 | Lair:6   | Found a frozen archway.
 21643 | IceCv    | Entered an ice cave
 23874 | Lair:6   | Found a runed translucent door.
 23875 | Lair:6   | Noticed a fire dragon
 23986 | Lair:6   | Reached XP level 14. HP: 75/116 MP: 23/23
 24531 | Lair:6   | Reached skill level 5 in Armour
 25101 | Lair:6   | Found a staircase to the Slime Pits.
 27862 | D:12     | Found a staircase to the Orcish Mines.
 28585 | D:13     | Found an ornate altar of the Wu Jian Council.
 28903 | D:13     | Reached skill level 15 in Dodging
 29818 | D:13     | Found a gate to the Vaults.
 30333 | D:14     | Reached XP level 15. HP: 79/124 MP: 24/24
 31040 | D:14     | You fall through a shaft!
 31040 | D:15     | Entered Level 15 of the Dungeon
 31509 | D:15     | Found a bloodstained altar of Trog.
 31618 | D:15     | Got a translucent ring mail
 31629 | D:15     | Identified the +4 ring mail of Experimentation {*Slow Str+4
                  | Int+5} (You found it on level 15 of the Dungeon)
 31702 | D:15     | Found a staircase to the Depths.
 31703 | D:15     | Noticed a fire giant
 32691 | Orc:1    | Entered Level 1 of the Orcish Mines
 32691 | Orc:1    | Found Goschirr's Antique Armour Emporium.
 32882 | Orc:1    | Identified the +6 broad axe "Figozoc" {elec, -Tele Int+2
                  | Dex+3}
 32882 | Orc:1    | Identified the +8 chain mail "Kezosa" {rF+}
 32918 | Orc:1    | Found a runed translucent gate.
 32919 | Orc:1    | Found a runed translucent gate.
 32919 | Orc:1    | Noticed Jabberih's ghost (journeyman VSFi)
 32921 | Orc:1    | Found a runed translucent gate.
 32924 | Orc:1    | Identified the ring of Monotheism {*Drain rElec rF+ Str+5}
 33559 | Orc:1    | Found a roughly hewn altar of Beogh.
 33607 | Orc:2    | Entered Level 2 of the Orcish Mines
 33609 | Orc:2    | Found Xeawnibb's Antique Weapon Shoppe.
 33649 | Orc:2    | Found a dark tunnel.
 33659 | Volcano  | Entered a volcano
 33678 | Volcano  | Found a radiant altar of Vehumet.
 34275 | Orc:2    | Found a roughly hewn altar of Beogh.
 34839 | Orc:2    | Found Kozxeer's Antique Weapon Shop.
 34840 | Orc:2    | Found Tiloal's Jewellery Emporium.
 35567 | Orc:2    | Found a roughly hewn altar of Beogh.
 36179 | Orc:2    | Found Fusaebur's Gadget Shop.
 36179 | Orc:2    | Found Huiluj's Armour Emporium.
 36385 | Orc:2    | Found a staircase to the Elven Halls.
 36420 | Orc:2    | Gained mutation: You do not regenerate when monsters are
                  | visible. [a neqoxec]
 36453 | Orc:2    | Lost mutation: You do not regenerate when monsters are
                  | visible. [potion of mutation]
 36453 | Orc:2    | Gained mutation: [Your spells are a little easier to cast,
                  | but a little less powerful.] [potion of mutation]
 36453 | Orc:2    | Gained mutation: You have a pair of small horns on your
                  | head. [potion of mutation]
 36453 | Orc:2    | Gained mutation: You are somewhat resistant to further
                  | mutation. [potion of mutation]
 36467 | Orc:2    | Bought a bloodstained glaive for 402 gold pieces
 36472 | Orc:2    | Identified the +7 glaive of a Labyrinth {protect, rF- MR+
                  | Int+6} (You bought it in a shop on level 2 of the Orcish
                  | Mines)
 36518 | Orc:2    | Bought the +4 storm dragon scales of Purpose {*Drain rElec
                  | rC++ MR++} for 1539 gold pieces
 36539 | Orc:2    | Bought a +0 cloak of poison resistance for 110 gold pieces
 36689 | Orc:2    | Noticed Jorgrun
 37012 | Orc:2    | Killed Jorgrun
 37410 | Swamp:1  | Entered Level 1 of the Swamp
 40020 | Swamp:2  | Reached XP level 16. HP: 104/133 MP: 26/26
 40075 | Swamp:2  | Identified Roxanne's Papyrus of Transmigration
 40075 | Swamp:2  | Noticed Roxanne
 40494 | Swamp:2  | Noticed Kirke
 40923 | Swamp:2  | Killed Kirke
 42270 | Swamp:2  | Killed Roxanne
 43695 | Swamp:4  | Entered Level 4 of the Swamp
 44457 | Swamp:4  | Noticed a thorn hunter
 44505 | Swamp:4  | Killed a thorn hunter
 45231 | Swamp:4  | Reached skill level 15 in Fighting
 45399 | Swamp:4  | Noticed a tentacled monstrosity
 45618 | Swamp:4  | Killed a tentacled monstrosity
 45677 | Swamp:4  | Reached XP level 17. HP: 142/142 MP: 28/28
 45729 | Swamp:4  | Reached skill level 15 in Invocations
 45820 | Swamp:4  | Got a decaying rune of Zot
 45949 | Snake:1  | Entered Level 1 of the Snake Pit
 48430 | Snake:2  | Found Akuozil's Book Emporium.
 49810 | Snake:3  | Found Lixzagg's Jewellery Shop.
 49810 | Snake:3  | Found Etwa's Gadget Shoppe.
 49811 | Snake:3  | Found Curiluun's Gadget Shoppe.
 49843 | Snake:4  | Entered Level 4 of the Snake Pit
 49890 | Snake:4  | Noticed Louise
 49926 | Snake:4  | Killed Louise
 50121 | Snake:4  | Reached XP level 18. HP: 125/151 MP: 29/29
 54046 | Snake:4  | Reached skill level 10 in Armour
 54163 | Snake:4  | Got a serpentine rune of Zot
 54608 | Elf:1    | Entered Level 1 of the Elven Halls
 54748 | Elf:1    | You fall through a shaft!
 54809 | Elf:2    | Found Poguh Xehep's Armour Shoppe.
 54813 | Elf:2    | Found Tacko's Weapon Shoppe.
 54886 | Elf:2    | Found a flickering gateway to a bazaar.
 54899 | Bazaar   | Entered a bazaar
 54908 | Bazaar   | Found Raoluoth's Book Boutique.
 54929 | Bazaar   | Found Biodaop's Antique Weapon Boutique.
 54929 | Bazaar   | Found Gif Edar's General Store.
 54956 | Bazaar   | Found Heupluic's Jewellery Shop.
 54994 | Bazaar   | Bought the amulet of Descent {+Rage rPois rF+ Str+2} for
                  | 436 gold pieces
 55012 | Bazaar   | Bought 2 potions of heal wounds for 160 gold pieces
 55012 | Bazaar   | Bought a scroll of teleportation for 48 gold pieces
 55412 | Elf:2    | Lost mutation: [Your spells are a little easier to cast,
                  | but a little less powerful.] [potion of mutation]
 55412 | Elf:2    | Gained mutation: Scrolls take you a little longer to read.
                  | [potion of mutation]
 55412 | Elf:2    | Gained mutation: You have an increased reservoir of magic.
                  | (+10% MP) [potion of mutation]
 55412 | Elf:2    | Gained mutation: [Your spells are a little easier to cast,
                  | but a little less powerful.] [potion of mutation]
 55413 | Elf:2    | Lost mutation: Scrolls take you a little longer to read.
                  | [potion of mutation]
 55413 | Elf:2    | Lost mutation: [Your spells are a little easier to cast,
                  | but a little less powerful.] [potion of mutation]
 55413 | Elf:2    | Lost mutation: You have an increased reservoir of magic.
                  | (+10% MP) [potion of mutation]
 55414 | Elf:2    | Lost mutation: You have a pair of small horns on your head.
                  | [potion of mutation]
 55414 | Elf:2    | Gained mutation: You possess an exceptional clarity of
                  | mind. [potion of mutation]
 55414 | Elf:2    | Gained mutation: You have a somewhat thin skeletal
                  | structure. (Dex +2, Stealth) [potion of mutation]
 55415 | Elf:2    | Bought a +2 helmet of see invisible for 408 gold pieces
 55440 | Elf:2    | Reached skill level 1 in Evocations
 55460 | Elf:2    | Found a huge runed translucent gate.
 55460 | Elf:2    | Found a huge runed translucent gate.
 55461 | Elf:2    | Found a huge runed translucent gate.
 55462 | Elf:2    | Found a huge runed translucent gate.
 55469 | Elf:2    | Found a huge runed translucent gate.
 55709 | Elf:2    | Reached XP level 19. HP: 69/159 MP: 31/31
 56024 | Elf:2    | Found Loghuel's Antique Armour Emporium.
 56188 | Elf:3    | Entered Level 3 of the Elven Halls
 56727 | Elf:3    | Identified the Grimoire of Heat and Transmutation
 56927 | Elf:3    | Identified the cursed +2 hand axe "Ritti" {venom, +Rage
                  | rPois Int+3}
 58802 | Elf:3    | Identified the +5 ring mail of Fun and Games {Str+3 Int+3}
 58802 | Elf:3    | Identified the amulet of Bekerom {+Rage rC+}
 58851 | Elf:3    | Noticed a Brimstone Fiend
 59323 | Elf:1    | Noticed Frances
 59727 | Elf:1    | Killed Frances
 60347 | Elf:1    | Reached skill level 5 in Evocations
 61994 | Elf:3    | Identified the +1 robe "Rorob" {rC+ rN++ Dex-2}
 61994 | Elf:3    | Identified the ring "Jiqid" {Dex+4 Slay+2 Stlth-}
 62001 | Elf:3    | Identified the +5 ring mail "Jijerru" {+Inv rPois rF+}
 62016 | Elf:3    | Reached XP level 20. HP: 169/169 MP: 32/32
 62455 | Elf:3    | Got a steaming brass amulet
 62457 | Elf:3    | Identified the amulet of the Empire {Inacc rN+ Int-4 SInv}
                  | (You found it on level 3 of the Elven Halls)
 62461 | Elf:3    | Found the +4 dagger "Morg" {pain, MR+ Int+5}
 62465 | Elf:3    | Identified Naanlipn's Papyrus of Envenoming and
                  | Confrontation
 63942 | Depths:1 | Entered Level 1 of the Depths
 64863 | Vaults:1 | Entered Level 1 of the Vaults
 66352 | Vaults:1 | Reached XP level 21. HP: 172/178 MP: 33/33
 67258 | Vaults:2 | Found a staircase to the Crypt.
 67258 | Vaults:2 | Found a basalt altar of Yredelemnul.
 67259 | Vaults:2 | Found an ancient bone altar of Kikubaaqudgha.
 68393 | Vaults:3 | Noticed Jory
 68426 | Vaults:3 | Found Pocenn Qyrho's Assorted Antiques.
 68627 | Vaults:3 | Found Xarih's Jewellery Shop.
 68728 | Vaults:3 | Found Lehipp's Armour Emporium.
 68739 | Vaults:3 | You fall through a shaft!
 69847 | Vaults:3 | Reached XP level 22. HP: 106/190 MP: 35/35
 70534 | Vaults:3 | Bought the +2 hat of the Bear Spirit {Spirit, +Rage rN+
                  | MR++} for 821 gold pieces
 70534 | Vaults:3 | Found the +2 hat of the Bear Spirit {Spirit, +Rage rN+
                  | MR++}
 70719 | Vaults:3 | You fall through a shaft!
 73071 | Vaults:3 | Killed Jory
 73179 | Vaults:3 | Found Genk's General Store.
 73605 | Vaults:3 | Bought a twitching silver ring for 195 gold pieces
 73605 | Vaults:3 | Identified the ring of Jaysopel {EV+3 Slay+2} (You bought
                  | it in a shop on level 3 of the Vaults)
 74720 | Depths:1 | Noticed a golden dragon
 74736 | Depths:1 | Killed a golden dragon
 74751 | Depths:1 | Found a gateway to Hell.
 75154 | Depths:1 | Reached XP level 23. HP: 188/198 MP: 33/36
 75458 | Depths:1 | Found a one-way gate to the infinite horrors of the Abyss.
 75851 | Depths:2 | Found a gateway to a ziggurat.
 76570 | Depths:2 | Noticed a caustic shrike
 76570 | Depths:2 | Noticed a caustic shrike
 76570 | Depths:2 | Noticed a caustic shrike
 76571 | Depths:2 | Noticed a caustic shrike
 76587 | Depths:2 | Killed a caustic shrike
 76589 | Depths:2 | Banished a caustic shrike
 76591 | Depths:2 | Banished a caustic shrike
 76592 | Depths:2 | Banished a caustic shrike
 77021 | Depths:2 | Identified the +2 war axe "Luedil" {freeze, rPois}
 77117 | Depths:2 | Identified a scroll of acquirement
 77152 | Depths:2 | Noticed a juggernaut
 77169 | Depths:2 | Killed a juggernaut
 77322 | Depths:2 | Paralysed by a floating eye for 4 turns
 77789 | Depths:2 | Identified the Catalogue of Compulsion
 78266 | Depths:3 | Noticed Aizul
 78279 | Depths:2 | Killed Aizul
 78878 | Depths:3 | Noticed Asterion
 78895 | Depths:3 | Killed Asterion
 78970 | Depths:3 | Reached XP level 24. HP: 187/209 MP: 34/36
 79430 | Depths:3 | Noticed a caustic shrike
 79434 | Depths:3 | Identified the +5 demon blade "Vexoji" {pain, Int+7}
 79455 | Depths:3 | Killed a caustic shrike
 80835 | Depths:3 | Identified the +8 mace of Noon {protect, rN+ MR++ Str+2}
 80921 | Depths:3 | Found Mesinty's Food Shoppe.
 81169 | Depths:3 | Found a one-way gate leading to the halls of Pandemonium.
 81672 | Depths:4 | Found Muagewk's Armour Shop.
 82009 | Depths:4 | Noticed Frederick
 82288 | Depths:4 | Killed Frederick
 82903 | Depths:4 | Noticed a caustic shrike
 82903 | Depths:4 | Noticed a caustic shrike
 82903 | Depths:4 | Noticed a caustic shrike
 82903 | Depths:4 | Noticed a caustic shrike
 82903 | Depths:4 | Noticed a caustic shrike
 82907 | Depths:4 | Banished a caustic shrike
 82908 | Depths:4 | Banished a caustic shrike
 82909 | Depths:4 | Banished a caustic shrike
 82912 | Depths:4 | Banished a caustic shrike
 83501 | Depths:4 | Banished a caustic shrike
 83575 | Depths:4 | Reached XP level 25. HP: 178/219 MP: 31/37
 84021 | Depths:5 | Entered Level 5 of the Depths
 84034 | Depths:5 | Identified the +1 faerie dragon scales {Regen+ rCorr SInv
                  | Stlth+}
 84034 | Depths:5 | Noticed the Enchantress
 84789 | Depths:5 | Cast into level 3 of the Abyss (the Enchantress)
 84808 | Abyss:3  | Found a corrupted altar of Lugonu.
 84999 | Depths:5 | Escaped the Abyss
 85189 | Depths:5 | Found a runed translucent door.
 85192 | Depths:5 | Found a radiant altar of Vehumet.
 85192 | Depths:5 | Noticed an ancient lich
 85403 | Depths:5 | Found a gate to the Realm of Zot.
 85699 | Depths:5 | Banished the Enchantress
 86792 | Vaults:3 | Bought a scroll of brand weapon for 780 gold pieces
 87013 | Depths:1 | Voluntarily entered the Abyss.
 88309 | Abyss:5  | Entered Level 5 of the Abyss
 88309 | Abyss:5  | Entered Level 5 of the Abyss
 88324 | Depths:1 | Escaped the Abyss
 88540 | Depths:1 | Voluntarily entered the Abyss.
 88955 | Abyss:3  | Paralysed by accursed screaming for 1 turns
 89231 | Abyss:4  | Paralysed by a floating eye for 3 turns
 89241 | Abyss:4  | Paralysed by a floating eye for 4 turns
 89312 | Abyss:4  | Found a corrupted altar of Lugonu.
 89349 | Abyss:4  | Reached XP level 26. HP: 174/228 MP: 37/37
 89377 | Abyss:4  | Found a corrupted altar of Lugonu.
 89435 | Abyss:4  | Got an abyssal rune of Zot
 89436 | Depths:1 | Escaped the Abyss
 89664 | Zot:1    | Entered Level 1 of the Realm of Zot
 90030 | Zot:1    | Noticed an orb of fire
 90052 | Zot:1    | Killed an orb of fire
 91935 | Zot:2    | Reached skill level 15 in Armour
 91949 | Zot:2    | Noticed an orb of fire
 92874 | Zot:2    | Got a warped granite ring
 92875 | Zot:2    | Identified the cursed ring "Ohoph" {AC-2 Stlth+} (You found
                  | it on level 2 of the Realm of Zot)
 92906 | Zot:2    | Killed an orb of fire
 92906 | Zot:2    | Reached XP level 27. HP: 242/242 MP: 36/37
 94269 | Zot:2    | Noticed an orb of fire
 94277 | Zot:2    | Killed an orb of fire
 95166 | Vaults:5 | Entered Level 5 of the Vaults
 95176 | Vaults:5 | Noticed an ancient lich
 95191 | Vaults:4 | Identified a +9 bardiche of distortion (a +9 bardiche of
                  | flaming corrupted by Lugonu)
 95191 | Vaults:4 | Received a gift from Lugonu
 95384 | Vaults:5 | Noticed an ancient lich
 95880 | Vaults:5 | Killed an ancient lich
 96011 | Vaults:5 | Reached skill level 27 in Polearms
 96023 | Vaults:5 | Identified the +12 trident of Prudence {pierce, rPois MR+
                  | Str+2}
 96162 | Vaults:5 | Banished an ancient lich
 96173 | Vaults:5 | Identified the +3 war axe "Baneischo" {freeze, Str+3}
 96187 | Vaults:5 | Identified the +7 quarterstaff "Hell-Harrower" {crush, MR+}
 96231 | Vaults:5 | Reached skill level 27 in Fighting
 96682 | Vaults:5 | Got a silver rune of Zot
 96742 | Vaults:5 | Found the +2 pair of boots of the Assassin {Detection Stab+
                  | Stlth++}
 96748 | Vaults:5 | Identified the cursed +1 scale mail of the Hills {rPois rC+
                  | rN+ Str-5}
 97187 | Vaults:5 | Reached skill level 27 in Dodging
 97257 | Vaults:5 | Noticed an ancient lich
 97264 | Vaults:5 | Killed an ancient lich
 97454 | Vaults:5 | Identified the +7 scimitar of Extremism {slice, rC+ Dex+7}
 97454 | Vaults:5 | Identified the +0 leather armour of the Apprentice {rF+
                  | rC++ rN++}
 99848 | Orc:2    | Bought the ring of Aqati {rF+ rN+ Dex+4} for 713 gold
                  | pieces
 99883 | Orc:2    | Bought a wand of acid (9) for 260 gold pieces
 99883 | Orc:2    | Bought a wand of iceblast (6) for 100 gold pieces
 99883 | Orc:2    | Bought a wand of digging (7) for 220 gold pieces
 99883 | Orc:2    | Bought a phial of floods for 400 gold pieces
100668 | Zot:4    | Got a translucent golden ring
100761 | Zot:5    | Entered Level 5 of the Realm of Zot
100963 | Zot:5    | Identified the ring "Punk" {Wiz Dex+3 Stlth+} (You found it
                  | on level 4 of the Realm of Zot)
101843 | Zot:5    | Noticed an ancient lich
102388 | Zot:5    | Noticed an ancient lich
102389 | Zot:5    | Noticed an orb of fire
102394 | Zot:5    | Banished an ancient lich
102415 | Zot:5    | Killed an orb of fire
102523 | Zot:5    | Noticed an ancient lich
102539 | Zot:5    | Killed an ancient lich
102654 | Zot:5    | Noticed an ancient lich
102656 | Zot:5    | Cast into level 5 of the Abyss (the power of Zot)
102656 | Abyss:5  | Entered Level 5 of the Abyss
102657 | Zot:5    | Escaped the Abyss
102809 | Zot:5    | Killed an ancient lich
103014 | Zot:5    | Corrupted Zot:5
103093 | Zot:5    | Killed an ancient lich
103458 | Zot:5    | Noticed an orb of fire
104031 | Zot:5    | Killed an orb of fire
104103 | Zot:5    | Killed an ancient lich
104160 | Zot:5    | Got the Orb of Zot
104674 | D:6      | Noticed Siryil the pandemonium lord
105019 | D:$      | Escaped with the Orb!

Skill      XL: |  1  2  3  4  5  6  7  8  9 10 11 12 13 14 15 16 17 18 19 20 21 22 23 24 25 26 27 |
---------------+----------------------------------------------------------------------------------+-----
Dodging        | 3 4 5 6 8 9 12 13 14 15 16 17 18 19 20 21 22 23 24 25 27 | 27.0
Polearms       | 4 5 6 7 8 10 12 13 14 16 18 20 22 23 24 26 27 | 27.0
Fighting       | 4 5 6 7 8 10 11 12 13 14 15 16 17 18 19 21 22 23 24 25 27 | 27.0
Invocations    | 3 4 5 7 8 10 11 12 13 14 15 16 17 18 19 20 22 | 22.0
Shields        | 2 4 |  4.0
Armour         | 3 4 6 7 8 9 10 11 12 13 14 15 19 | 19.1
Evocations     | 1 5 7 8 |  8.0

Action                   |  1- 3 |  4- 6 |  7- 9 | 10-12 | 13-15 | 16-18 | 19-21 | 22-24 | 25-27 || total
-------------------------+-------+-------+-------+-------+-------+-------+-------+-------+-------++-------
Melee: Spear             |   201 |   183 |       |  1225 |  3252 |   201 |       |       |       ||  5062
       Trident           |       |    44 |   374 |       |       |       |       |       |       ||   418
       Tailslap          |       |       |    19 |       |    42 |    51 |       |     1 |       ||   113
       Halberd           |       |       |   141 |   144 |       |       |       |       |       ||   285
       Headbutt          |       |       |       |       |    90 |   303 |       |       |       ||   393
       Glaive            |       |       |       |       |       |  1705 |  1907 |  1949 |   337 ||  5898
       Bardiche          |       |       |       |       |       |       |       |       |  2128 ||  2128
Invok: Banish            |       |       |       |     1 |    20 |     9 |       |    12 |     5 ||    47
       Bend Space        |       |       |       |     1 |     1 |       |     1 |     1 |     7 ||    11
       Depart the Abyss  |       |       |       |       |       |       |       |       |     3 ||     3
       Corrupt           |       |       |       |       |       |       |       |       |     1 ||     1
       Brand Weapon With |       |       |       |       |       |       |       |       |     1 ||     1
 Abil: Evoke Berserk Rag |       |       |       |       |       |       |     1 |     3 |    16 ||    20
Evoke: Wand              |       |     9 |    10 |    17 |    31 |       |     4 |    18 |     8 ||    97
       Box of beasts     |       |       |       |       |       |       |       |       |     5 ||     5
  Use: Potion            |     1 |     1 |       |     2 |     6 |     5 |     7 |       |     5 ||    27
       Scroll            |       |       |     9 |    10 |    15 |     8 |     9 |    12 |    30 ||    93
 Stab: Sleeping          |     1 |       |       |       |       |       |     1 |       |       ||     2
       Paralysed         |       |     4 |    20 |    15 |       |       |       |       |       ||    39
       Distracted        |       |       |       |     1 |     2 |       |       |       |     2 ||     5
       Confused          |       |       |       |       |       |     1 |       |       |       ||     1
  Eat: Chunk             |     1 |     7 |     6 |    28 |    49 |    18 |    16 |    18 |    15 ||   158
       Ration            |       |     1 |     2 |     1 |     7 |    10 |     9 |     9 |    21 ||    60
Armor: Leather armour    |    34 |       |       |       |       |       |       |       |       ||    34
       Scale mail        |       |    91 |    91 |       |       |       |       |       |       ||   182
       Ring mail         |       |       |    31 |   163 |   339 |       |       |       |       ||   533
       Skin              |       |       |       |       |    14 |       |       |       |       ||    14
       Storm dragon scal |       |       |       |       |    96 |   691 |   535 |   673 |   687 ||  2682
Dodge: Dodged            |    82 |    97 |   319 |   683 |  1304 |  1129 |  1269 |  1749 |  1791 ||  8423
Block: Buckler           |       |       |       |   189 |   503 |    46 |       |       |       ||   738
